 Dungeon Crawl Stone Soup version 0.31-a0-986-g5e6e4ef867 (webtiles) character file.

Game seed: 12650575448411752328

66 strifetoe the Shooter (level 4, -3/36 HPs)
             Began as a Meteoran Hunter on Nov 12, 2023.
             Slain by a fire bat (8 damage)
             ... on level 4 of the Dungeon.
             The game lasted 00:04:20 (623 turns).

strifetoe the Shooter (Meteoran Hunter)              Turns: 623, Time: 00:04:20

Health: -3/36      AC:  6    Str: 11 (12) XL:     4   Next: 63%
Magic:  5/5        EV: 12    Int:  9 (11) God:
Gold:   109        SH:  0    Dex: 18 (19) Spells: 3/3 levels left

rFire   . . .        a - +0 shortbow
rCold   . . .        (shield currently unavailable)
rNeg    . . .        c - +0 leather armour
rPois   .            (no helmet)
rElec   .            (no cloak)
rCorr   .            (no gloves)
SInv    .            i - +2 pair of boots
Will    .....        (no amulet)
Stlth   +            (no ring)
HPRegen 0.26/turn    (no ring)
MPRegen 0.09/turn

%: no passive effects
@: glowing
A: sense surroundings 1, otherworldly, glowing, explore regen
a: no special abilities


You were on level 4 of the Dungeon.
You visited 1 branch of the dungeon, and saw 4 of its levels.

You collected 109 gold pieces.

Inventory:

Hand Weapons
 a - a +0 shortbow (weapon)
 k - a +0 whip
 n - a +0 short sword
Armour
 c - a +0 leather armour (worn)
 e - a +0 leather armour
 i - a +2 pair of boots (worn)
Jewellery
 h - a ring of magical power
Wands
 j - a wand of flame (26)
Scrolls
 b - a scroll of butterflies
 d - a scroll of vulnerability {unknown}
 g - 4 scrolls of identify {unknown}
 l - a scroll of teleportation {unknown}
 m - a scroll of revelation {unknown}
Potions
 f - a potion of degeneration
 o - a potion of resistance


   Skills:
 - Level 2.1 Fighting
 + Level 6.1 Ranged Weapons
 - Level 2.1 Dodging
 - Level 0.6 Stealth


You had 3 spell levels left.
You didn't know any spells.
Your spell library was empty.

Dungeon Overview and Level Annotations

Branches:
Dungeon (4/15) Zot: 1763
 Temple: D:4-7

Altars:
Vehumet
Yredelemnul

Annotations:
D:4 1 transporter, Pikel


Innate Abilities, Weirdness & Mutations

You passively map a small area around you.
You are easily found by Zot.
You glow in the dark.
You regain HP and MP as you explore.


Message History

The fire bat bites you but does no damage.
Fire: a) +0 shortbow
Press: ? - help, Q - select action, (/) - cycle Shift-Dir - straight line, f - fire bat
Aim: a fire bat (flame, 53% to hit)
You shoot an arrow. The arrow hits the fire bat.
The fire bat is lightly wounded.
The fire bat closely misses you. The fire bat bites you.
You are engulfed in flames!
The fire bat bites you but does no damage.
The fire bat attacks as it pursues you!
The fire bat bites you but does no damage.
The fire bat bites you.
You are engulfed in flames!
The fire bat bites you but does no damage.
Fire: a) +0 shortbow
Press: ? - help, Q - select action, (/) - cycle Shift-Dir - straight line, f/p - fire bat
Aim: a fire bat (53% to hit)
You shoot an arrow. The arrow closely misses the fire bat.
The fire bat bites you but does no damage.
The fire bat misses you.
Fire: a) +0 shortbow
Press: ? - help, Q - select action, (/) - cycle Shift-Dir - straight line, f/p - fire bat
Aim: a fire bat (53% to hit)
You shoot an arrow. The arrow closely misses the fire bat.
The fire bat barely misses you. The fire bat closely misses you.
Unknown command.
Fire: a) +0 shortbow
Press: ? - help, Q - select action, (/) - cycle Shift-Dir - straight line, f/p - fire bat
Aim: a fire bat (flame, 53% to hit)
You shoot an arrow. The arrow misses the fire bat.
The fire bat closely misses you. x2; The fire bat bites you.
You are engulfed in flames.
* * * LOW HITPOINT WARNING * * *
Fire: a) +0 shortbow
Press: ? - help, Q - select action, (/) - cycle Shift-Dir - straight line, f/p - fire bat
Aim: a fire bat (53% to hit)
You shoot an arrow. The arrow closely misses the fire bat.
The fire bat bites you.
* * * LOW HITPOINT WARNING * * *
You are engulfed in flames!
You die...

[.......)..........####.##.....#
..###.....#........####.##.....#
.###......#....................#
......#.#.........########.....#
..##.......########.°°°°##.....#
..##.......#○○°☼°☼#°○°°°####...#
..#..#.....#.°☼°.°#°○☼°°## #.#.#
#...###....#○°#b#.°°°.$(#. .#.#
....###...5#○○©.@b°○°.[©#© ## #
#..........#○☼#.#.☼☼○.$(#.
...###.....#.°○☼.○#°☼○☼°##
.#.........#○°°○°○#○°°○☼##
.......#...########..☼°°# ,
####..............#######
....#.....####.........
.>...................$. ,
....####...............


You could see a lemure and 2 fire bats.

Vanquished Creatures
  Ijyb (D:4)
  2 adders
  2 ball pythons
  4 endoplasms
  A giant cockroach (D:1)
  3 hobgoblins
  A quokka (D:1)
  A bat (D:3)
  3 frilled lizards (D:3)
  A kobold (D:3)
  A rat (D:2)
20 creatures vanquished.

Notes
Turn   | Place    | Note
-------+----------+-------------------------------------------
     0 | D:1      | strifetoe the Meteoran Hunter began the quest for the Orb.
     0 | D:1      | Reached XP level 1. HP: 17/17 MP: 2/2
    82 | D:2      | Found a faded altar of an unknown god.
    85 | D:2      | Reached XP level 2. HP: 24/24 MP: 3/3
   228 | D:2      | Reached skill level 5 in Ranged Weapons
   228 | D:2      | Reached XP level 3. HP: 16/29 MP: 4/4
   439 | D:3      | Found a radiant altar of Vehumet.
   536 | D:4      | Noticed Ijyb
   549 | D:4      | Killed Ijyb
   550 | D:4      | Reached skill level 6 in Ranged Weapons
   550 | D:4      | Reached XP level 4. HP: 25/36 MP: 5/5
   572 | D:4      | Found a transporter.
   587 | D:4      | Found a basalt altar of Yredelemnul.
   596 | D:4      | Noticed a lemure
   598 | D:4      | Noticed a lemure
   598 | D:4      | Noticed a lemure
   598 | D:4      | Noticed Pikel
   615 | D:4      | Found a transporter.
   615 | D:4      | Noticed a fire bat
   616 | D:4      | Noticed a fire bat
   623 | D:4      | Slain by a fire bat

Illustrated notes

Levels and vault maps discovered:
D:1:      dpeg_arrival_ternary, layout_basic, serial_co_window_serial,
          co_window_corner_a, co_window_corner_a, co_window_cross_1,
          co_window_corner_a, co_window_corner_a, co_window_corner_b,
          co_window_of_opportunity_c, co_window_broadway_b, glass_columns_a,
          hangedman_decor_opposing
D:2:      layout_basic, dreamdust_ecumenical_altar_angels_and_demons
D:3:      layout_basic, nicolae_vehumet_altar_sigil, zin_statuary,
          mainiacjoe_overflow_surrounded_room
D:4:      gammafunk_cloud_chamber, layout_rooms, nicolae_overflow_hidden_temple,
          lemuel_temple_firewalk_b, serial_bayou_pond_a,
          minmay_manual_macuahuitl, uniq_ijyb, uniq_eustachio, uniq_pikel

Skill      XL: |  1  2  3 |
---------------+----------+-----
Ranged Weapons | 5 6 |  6.1
Fighting       | |  2.1
Dodging        | |  2.1
Stealth        | |  0.6

Action                     |  1- 3 |  4- 6 || total
---------------------------+-------+-------++-------
  Melee: Whip              |     6 |       ||     6
   Fire: Shortbow          |    60 |     8 ||    68
  Evoke: Wand              |     9 |       ||     9
    Use: Potion            |     2 |       ||     2
 Armour: Leather armour    |    46 |    11 ||    57
  Dodge: Dodged            |    49 |     7 ||    56

Table legend: (Time is in decaauts)
 A = Elapsed time spent in this place.
 B = Non-inter-level travel time spent in this place.
 C = Inter-level travel time spent in this place.
 D = Time resting spent in this place.
 E = Time spent auto-exploring this place.
 F = Levels seen in this place.
 G = Mean time per level.
                   A        B        C        D        E       F      G
               +--------+--------+--------+--------+--------+-----+--------+
         Total |    635 |    635 |      0 |     20 |     11 |   4 |  158.8 |
       Dungeon |    635 |    635 |      0 |     20 |     11 |   4 |  158.8 |
               +--------+--------+--------+--------+--------+-----+--------+

Top non-repeatable levels by time:
     D:3: 216 daAuts
     D:2: 175 daAuts
     D:1: 125 daAuts
     D:4: 118 daAuts
